 Dungeon Crawl Stone Soup version 0.30-a0-222-ge547ba4400 (webtiles) character file.

Game seed: 18195364438620819635

1325 Monkooky the Grappler (level 8, -4/56 (66) HPs)
             Began as a Ghoul Reaver on Oct 8, 2022.
             Was a Believer of Qazlal.
             Slain by Edmund
             ... wielding a +2 flail of holy wrath
              (9 damage)
             ... on level 5 of the Dungeon.
             The game lasted 00:06:50 (3838 turns).

Monkooky the Grappler (Ghoul Reaver)                Turns: 3838, Time: 00:06:50

HP:   -4/56 (66)    AC:  4    Str: 18    XL:     8   Next: 60%
MP:   9/11          EV: 11    Int: 10    God:    Qazlal [**....]
Gold: 175           SH:  2    Dex:  7    Spells: 7/10 levels left

rFire   . . .      SeeInvis .      - Unarmed
rCold   + . .      Faith    .    (no shield)
rNeg    + + +      Spirit   .    u - +1 leather armour of the Slightly Bent {rN+ Will+ rCorr Int+2}
rPois   ∞          Reflect  .    (no helmet)
rElec   .          Harm     .    (no cloak)
rCorr   +          Rampage  .    (no gloves)
Will    +....                    (no boots)
Stlth   +.........               (no amulet)
HPRegen 0.00/turn                (no ring)
MPRegen 0.12/turn                (no ring)

@: very slightly contaminated, inhibited regen, heavily drained
A: claws 1, cold resistance 1, negative energy resistance 3, inhibited
regeneration, torment resistance 2, devour on kill
a: Renounce Religion, Upheaval


You were on level 5 of the Dungeon.
You worshipped Qazlal.
Qazlal was pleased with you.
You visited 1 branch of the dungeon, and saw 5 of its levels.

You collected 175 gold pieces.

Inventory:

Missiles
 x - 2 throwing nets
Armour
 a - a +0 leather armour
 h - a +0 ring mail
 u - the +1 leather armour of the Slightly Bent (worn) {rN+ Will+ rCorr Int+2}
   (You found it on level 4 of the Dungeon)

   Int:       It affects your intelligence (+2).
   rN:        It protects you from negative energy.
   rCorr:     It protects you from acid and corrosion.
   Will:      It increases your willpower.
Jewellery
 s - an amulet of guardian spirit
Wands
 v - a wand of roots (8)
Scrolls
 b - 2 scrolls of identify {unknown}
 c - 3 scrolls of noise {unknown}
 e - a scroll of poison {unknown}
 f - 2 scrolls of amnesia {unknown}
 k - 2 scrolls of vulnerability {unknown}
 l - a scroll of fear {unknown}
 m - 2 scrolls of teleportation {unknown}
 n - a scroll of enchant armour {unknown}
 o - a scroll of summoning {unknown}
 p - a scroll of fog {unknown}
 q - 2 scrolls of magic mapping {unknown}
 t - a scroll of immolation
Potions
 d - 2 potions of mutation {unknown}
 g - 2 potions of berserk rage {unknown}
 i - 2 potions of lignification {unknown}
 j - a potion of curing {unknown}
 r - a potion of brilliance {unknown}
 w - a potion of magic {unknown}
 z - a potion of flight {unknown}
 A - a potion of cancellation {unknown}


   Skills:
 + Level 3.9 Fighting
 + Level 2.3 Armour
 - Level 1.7 Dodging
 + Level 8.2 Unarmed Combat
 - Level 1.7 Spellcasting
 - Level 2.4 Conjurations
 - Level 2.9 Necromancy
 - Level 5.5 Invocations


You had 7 spell levels left.
You knew the following spells:

 Your Spells              Type           Power      Damage    Failure   Level
a - Kiss of Death         Conj/Necr      24%        2d7       13%         1
b - Momentum Strike       Conj/Tloc      6%         3d8       34%         2

Your spell library contained the following spells:

 Spells                   Type           Power      Damage    Failure   Level
 Freeze                   Ice            0%         1d3       36%         1
 Blink                    Tloc           0%         N/A       50%         2
 Hailstorm                Conj/Ice       3%         3d3       56%         3
 Frozen Ramparts          Ice            0%         1d1       75%         3
 Inner Flame              Hex/Fire       0%         N/A       75%         3
 Lesser Beckoning         Tloc           0%         N/A       75%         3
 Cause Fear               Hex            0%         N/A       98%         4
 Discord                  Hex            0%         N/A       100%        8


Dungeon Overview and Level Annotations

Branches:
Dungeon (5/15)
 Temple: D:4-7

Altars:
Cheibriados
Qazlal

Annotations:
D:5 1 runed translucent door, Edmund; HilariousDeathArtist's ghost, amateur HOWn


Innate Abilities, Weirdness & Mutations

You are immune to poison.
You have sharp fingernails.
Your flesh is cold resistant. (rC+)
You are immune to negative energy. (rN+++)
You do not regenerate when monsters are visible.
You are immune to unholy pain and torment.
You thrive by killing the living.


Message History

Aim: Edmund, wielding a +2 flail of holy wrath and wearing a +0 chain mail (moderately wounded, lightly drained)
The roots erupt in riotous growth!
Roots grab Edmund.
The grasping roots constrict Edmund.
You hear a shout!
You hear a bark!
Edmund barely misses you.
Aiming: Kiss of Death (safe; 13% risk of failure)
Press: ? - help, Q - select action, (/) - cycle Shift-Dir - straight line, f/p - Edmund
Aim: Edmund, wielding a +2 flail of holy wrath and wearing a +0 chain mail (moderately wounded, constricted by roots, lightly drained, 100% to hit)
You miscast Kiss of Death.
You are very lightly contaminated with residual magic.
Nothing appears to happen.
The grasping roots constrict Edmund!
Edmund hits you with a +2 flail of holy wrath.
You convulse.
* * * LOW HITPOINT WARNING * * *
The grasping roots constrict Edmund.
The roots release their grip on Edmund.
Aiming: Fastroot
Press: ? - help, Shift-Dir - straight line, f/p - Edmund
Aim: Edmund, wielding a +2 flail of holy wrath and wearing a +0 chain mail (heavily wounded, lightly drained)
The roots erupt in riotous growth!
Roots grab Edmund.
The grasping roots constrict Edmund, but do no damage.
You hear a bark!
Edmund hits you with a +2 flail of holy wrath.
* * * LOW HITPOINT WARNING * * *
You convulse.
* * * LOW HITPOINT WARNING * * *
Unknown command.
The grasping roots constrict Edmund.
The roots release their grip on Edmund.
Okay, then.
Okay, then.
Aiming: Fastroot
Press: ? - help, Shift-Dir - straight line, f/p - Edmund
Aim: Edmund, wielding a +2 flail of holy wrath and wearing a +0 chain mail (severely wounded, lightly drained)
The roots erupt in riotous growth!
Roots grab Edmund.
The grasping roots constrict Edmund.
Edmund hits you with a +2 flail of holy wrath!
You die...

###### ##....#
.....# ....#
... #.# #.##
#.@# ##@#
#######.#
......#.#
###...######
..##.......#
#.####.(...####
#.# ####.....#
#### #.#
###...# ..^.#
#.# ##..#


You could see Edmund (rooted, drained).

Vanquished Creatures
  Pikel (D:4)
  Sigmund (D:4)
  Menkaure (D:5)
  An ice beast (D:4)
  A black bear (D:5)
  A scorpion (D:5)
  An orc priest (D:3)
  Natasha (thrice) (D:2)
  An orc wizard (D:3)
  2 iguanas (D:4)
  5 gnolls
  4 adders
  A worm (D:2)
  A dart slug (D:3)
  13 orcs
  6 ball pythons
  6 bats
  7 endoplasms
  4 giant cockroaches
  6 goblins
  8 hobgoblins
  7 jackals
  4 kobolds
  A quokka (D:2)
  5 frilled lizards
  5 rats
96 creatures vanquished.

Vanquished Creatures (others)
  An orc wizard (D:3)
1 creature vanquished.

Grand Total: 97 creatures vanquished

Notes
Turn   | Place    | Note
-------+----------+-------------------------------------------
     0 | D:1      | Monkooky the Ghoul Reaver began the quest for the Orb.
     0 | D:1      | Reached XP level 1. HP: 17/17 MP: 2/2
    50 | D:1      | Reached XP level 2. HP: 24/24 MP: 3/3
    53 | D:1      | Learned a level 2 spell: Momentum Strike
    81 | D:1      | Reached skill level 4 in Unarmed Combat
   283 | D:1      | Reached XP level 3. HP: 4/23 MP: 1/4
   781 | D:2      | Noticed Natasha
   786 | D:2      | Killed Natasha
   787 | D:2      | Reached skill level 5 in Unarmed Combat
   787 | D:2      | Reached XP level 4. HP: 33/36 MP: 5/5
   811 | D:2      | Identified the +6 dagger of the Depths {venom, rPois rCorr
                  | Str-4 Int+3}
   898 | D:2      | Noticed Natasha
   914 | D:2      | Killed Natasha
   943 | D:2      | Reached skill level 6 in Unarmed Combat
  1015 | D:2      | Noticed Natasha
  1021 | D:2      | Killed Natasha
  1022 | D:2      | Reached XP level 5. HP: 39/41 MP: 6/6
  1112 | D:2      | Found a faded altar of an unknown god.
  1118 | D:2      | Prayed at the altar of an unknown god.
  1118 | D:2      | Became a worshipper of Qazlal Stormbringer
  1118 | D:2      | Reached * piety under Qazlal
  1643 | D:3      | Found a snail-covered altar of Cheibriados.
  1678 | D:3      | Reached skill level 7 in Unarmed Combat
  1678 | D:3      | Reached XP level 6. HP: 21/44 MP: 5/7
  2113 | D:3      | Reached ** piety under Qazlal
  2535 | D:4      | Found a stormy altar of Qazlal.
  2563 | D:4      | Noticed Pikel
  2577 | D:4      | Killed Pikel
  2578 | D:4      | Reached skill level 5 in Invocations
  2578 | D:4      | Reached XP level 7. HP: 11/55 MP: 5/10
  2761 | D:4      | Identified the +1 leather armour of the Slightly Bent {rN+
                  | Will+ rCorr Int+2}
  2845 | D:4      | Noticed Sigmund
  2862 | D:4      | Killed Sigmund
  2863 | D:4      | Reached XP level 8. HP: 38/61 MP: 8/11
  2908 | D:4      | Reached skill level 1 in Armour
  3591 | D:5      | Entered Level 5 of the Dungeon
  3595 | D:5      | Noticed Menkaure
  3619 | D:5      | Killed Menkaure
  3620 | D:5      | Reached skill level 8 in Unarmed Combat
  3686 | D:5      | Found a runed translucent door.
  3686 | D:5      | Noticed HilariousDeathArtist's ghost (amateur HOWn)
  3686 | D:5      | Noticed a yak
  3827 | D:5      | Noticed Edmund
  3838 | D:5      | Slain by Edmund

Illustrated notes

Levels and vault maps discovered:
D:1:      ncdulo_watergridlock, layout_loops_ring, minmay_pentomino_t2
D:2:      layout_rooms, shapermc_ecumenical_altar_notcrosses, uniq_natasha
D:3:      layout_basic, general_overflow_altar, grunt_ministairs_11,
          kennysheep_generic_room_10
D:4:      layout_rooms, mainiacjoe_overflow_cross_hatched, uniq_pikel,
          uniq_sigmund
D:5:      layout_rooms, lemuel_doored_altar, ebering_ghost_inner_flame,
          uniq_menkaure, uniq_ijyb, uniq_edmund

Skill      XL: |  1  2  3  4  5  6  7  8 |
---------------+-------------------------+-----
Unarmed Combat | 4 5 6 7 8 |  8.2
Invocations    | 5 |  5.5
Necromancy     | 2 |  2.9
Armour         | 2 |  2.3
Fighting       | 3 |  3.9
Dodging        | |  1.7
Spellcasting   | |  1.7
Conjurations   | |  2.4

Action                   |  1- 3 |  4- 6 |  7- 9 || total
-------------------------+-------+-------+-------++-------
Melee: Unarmed           |    81 |   142 |    83 ||   306
       Punch             |     1 |     7 |     6 ||    14
 Cast: Kiss of Death     |     2 |     6 |     2 ||    10
Evoke: Wand              |       |       |     3 ||     3
Armor: Leather armour    |    32 |       |     6 ||    38
       Ring mail         |     1 |    54 |       ||    55
Dodge: Dodged            |    54 |    64 |    39 ||   157
Block: Other             |       |     2 |     5 ||     7

Table legend: (Time is in decaauts)
 A = Elapsed time spent in this place.
 B = Non-inter-level travel time spent in this place.
 C = Inter-level travel time spent in this place.
 D = Time resting spent in this place.
 E = Time spent auto-exploring this place.
 F = Levels seen in this place.
 G = Mean time per level.
                   A        B        C        D        E       F      G
               +--------+--------+--------+--------+--------+-----+--------+
         Total |   3810 |   3684 |    126 |    288 |   2738 |   5 |  762.0 |
       Dungeon |   3810 |   3684 |    126 |    288 |   2738 |   5 |  762.0 |
               +--------+--------+--------+--------+--------+-----+--------+

Top non-repeatable levels by time:
     D:3: 1099 daAuts
     D:4: 1063 daAuts
     D:1: 775 daAuts
     D:2: 629 daAuts
     D:5: 241 daAuts
